 Dungeon Crawl Stone Soup version 0.30-b1-2-g02819fbbbe (webtiles) character file.

Game seed: 9622941474959703658

478 Nixie the Shield-Bearer (level 6, -6/61 HPs)
             Began as a Troll Fighter on Sept 20, 2023.
             Mangled by an ogre
             ... wielding a +0 giant spiked club
              (13 damage)
             ... on level 5 of the Dungeon.
             The game lasted 00:20:52 (4658 turns).

Nixie the Shield-Bearer (Troll Fighter)             Turns: 4658, Time: 00:20:53

Health: -6/61      AC:  4    Str: 22 (25) XL:     6   Next: 86%
Magic:  5/5        EV:  9    Int:  2 (4)  God:
Gold:   210        SH:  8    Dex: 10 (11) Spells: 5/5 levels left

rFire   . . .        e - +6 dagger
rCold   . . .        c - +0 kite shield
rNeg    . . .        b - +0 robe
rPois   .            (helmet restricted)
rElec   .            (no cloak)
rCorr   .            (gloves unavailable)
SInv    .            (boots unavailable)
Will    +....        (no amulet)
Stlth   +            k - ring of willpower
HPRegen 1.10/turn    (no ring)
MPRegen 0.09/turn

%: no passive effects
@: hasted, very quick
A: large, unfitting armour, claws 3, regeneration 1, shaggy fur 1, tough skin 1
a: no special abilities


You were on level 5 of the Dungeon.
You visited 1 branch of the dungeon, and saw 5 of its levels.

You collected 210 gold pieces.

Inventory:

Hand Weapons
 a - a +0 flail
 e - a +6 dagger (weapon)
 j - a +1 dagger of draining
 o - a +4 dagger
 q - a +3 dagger of speed
Armour
 b - a +0 robe (worn)
 c - a +0 kite shield (worn)
Jewellery
 k - a ring of willpower (left claw)
Scrolls
 f - 2 scrolls of identify
 p - 3 scrolls of noise {unknown}
Potions
 d - 2 potions of might
 g - a potion of brilliance
 i - a potion of berserk rage
 l - a potion of attraction
 m - a potion of magic
 n - a potion of cancellation


   Skills:
 + Level 3.5 Fighting
 + Level 3.0 Short Blades
 + Level 2.0 Maces & Flails
 + Level 3.7 Dodging
 + Level 0.7 Stealth
 + Level 3.9 Shields


You had 5 spell levels left.
You didn't know any spells.
Your spell library contained the following spells:

 Spells                   Type           Power      Damage    Failure   Level
 Apportation              Tloc           0%         N/A       82%         1
 Kiss of Death            Conj/Necr      0%         2d5       82%         1
 Shock                    Conj/Air       0%         1d3       82%         1
 Sting                    Tmut/Pois      0%         1d3       82%         1
 Ozocubu's Armour         Ice            0%         N/A       99%         3
 Alistair's Intoxication  Tmut/Pois      0%         N/A       100%        5
 Metabolic Englaciation   Hex/Ice        0%         N/A       100%        5
 Simulacrum               Ice/Necr       0%         N/A       100%        6


Dungeon Overview and Level Annotations

Branches:
Dungeon (5/15)
 Temple: D:4-7

Altars:
Vehumet

Shops:
D:2 =


Innate Abilities, Weirdness & Mutations

You are too large for most types of armour.
You have claws for hands.
Your natural rate of healing is unusually fast.
You are covered in fur. (AC +1)
You have tough skin. (AC +1)


Message History

The hound is heavily wounded.
The hound misses you. You block the hound's attack.
You hit the hound.
The hound is heavily wounded.
The hound barely misses you. The hound bites you.
You puncture the hound!
You kill the hound!
Your Short Blades skill increases to level 3!
The ogre hits you with a +0 giant spiked club!!
Things that are here:
a hound corpse; a howler monkey corpse You hit the ogre.
The ogre is lightly wounded.
You block the ogre's attack.
You hit the ogre.
The ogre is lightly wounded.
The ogre hits you with a +0 giant spiked club!
You hit the ogre.
The ogre is lightly wounded.
You hit the ogre but do no damage.
The ogre is lightly wounded.
The ogre closely misses you.
You hit the ogre.
The ogre is moderately wounded.
You barely miss the ogre.
The ogre is moderately wounded.
The ogre closely misses you.
You barely miss the ogre.
The ogre is moderately wounded.
The ogre hits you with a +0 giant spiked club!!
* * * LOW HITPOINT WARNING * * *
You hear an angry hiss.
You hit the ogre.
The ogre is moderately wounded.
You puncture the ogre!
The ogre is heavily wounded.
The ogre barely misses you.
You feel yourself speed up.
The ogre hits you with a +0 giant spiked club!
You die...

....# ..O.#####
........ #.....#
#.....#
#.....###.
####.........
#.@O.....#
#.......##.<...#
################


You could see an ogre.

Vanquished Creatures
  An ogre (D:4)
  A howler monkey (D:5)
  3 hounds
  An orc priest (D:4)
  A sleepcap (D:4)
  2 orc wizards (D:2)
  Terence (D:3)
  6 gnolls
  2 adders (D:2)
  A dart slug (D:1)
  3 orcs (D:2)
  2 bats (D:1)
  6 endoplasms
  3 giant cockroaches
  7 goblins
  6 hobgoblins
  9 jackals (D:1)
  13 kobolds
  3 quokkas
  4 ball pythons
  4 frilled lizards
  5 rats
84 creatures vanquished.

Vanquished Creatures (others)
  A worm (D:4)
  An orc (D:4)
  An endoplasm (D:4)
  8 withered plants (D:1)
11 creatures vanquished.

Grand Total: 95 creatures vanquished

Notes
Turn   | Place    | Note
-------+----------+-------------------------------------------
     0 | D:1      | Nixie the Troll Fighter began the quest for the Orb.
     0 | D:1      | Reached XP level 1. HP: 22/22 MP: 0/0
   197 | D:1      | Found a faded altar of an unknown god.
   216 | D:1      | Reached XP level 2. HP: 27/29 MP: 1/1
   632 | D:1      | Reached XP level 3. HP: 34/36 MP: 2/2
  1385 | D:2      | Reached XP level 4. HP: 22/44 MP: 3/3
  1389 | D:2      | Reached skill level 1 in Short Blades
  1642 | D:2      | Reached XP level 5. HP: 26/53 MP: 4/4
  1812 | D:2      | Found Queschy's Jewellery Shop.
  1827 | D:2      | Got Sif Muna's Magic, Part One
  2422 | D:3      | Noticed Terence
  2441 | D:3      | Killed Terence
  3320 | D:4      | Noticed an ogre
  3333 | D:4      | Killed an ogre
  3334 | D:4      | Reached XP level 6. HP: 27/61 MP: 5/5
  4176 | D:4      | Found a radiant altar of Vehumet.
  4628 | D:5      | Entered Level 5 of the Dungeon
  4655 | D:5      | HP: 3/61 [ogre/+0 giant spiked club (24)]
  4658 | D:5      | Mangled by an ogre

Illustrated notes

Levels and vault maps discovered:
D:1:      amcnicky_arrival_underground_garden, layout_basic,
          ebering_ecumenical_altar_petrified, due_unseen_surprise
D:2:      layout_basic, serial_shops, nicolae_square_shop,
          kennysheep_generic_room_14
D:3:      layout_basic, uniq_terence
D:4:      layout_basic, fiery_altar_vehumet
D:5:      layout_rooms, zin_purify, tso_oasis_becter, old_standard_altar,
          serial_shops, shop, nicolae_shop_dragon_depot, corexii_checkpoint_a,
          corexii_leaking_fountain, minmay_increasing_density

Skill      XL: |  1  2  3  4  5  6 |
---------------+-------------------+-----
Shields        | 3 |  3.9
Maces & Flails | 2 |  2.0
Dodging        | 3 |  3.7
Short Blades   | 1 2 3 |  3.0
Fighting       | 3 |  3.5
Stealth        | |  0.7

Action                     |  1- 3 |  4- 6 || total
---------------------------+-------+-------++-------
  Melee: Flail             |    50 |       ||    50
         Dagger            |   100 |   189 ||   289
    Use: Scroll            |     3 |     9 ||    12
         Potion            |       |     2 ||     2
 Armour: Robe              |    48 |    25 ||    73
  Dodge: Dodged            |    76 |    62 ||   138
  Block: Kite shield       |    66 |    50 ||   116
